Map: Corrosion EC

Players

HoldTheDoor

  • Race: Protoss Protoss
  • League: Diamond
  • Spawn Location: 11:00

Afforde - Winner!

  • Race: Protoss Protoss
  • Spawn Location: 5:00

VOD

Have the link to the VOD?

Description

Time

  • Played on: July 2, 2018, 11:52 a.m.
  • Length: 12:16
Show
View Real Time Build Order
Export as new Build Order

HoldTheDoor Protoss 

Build Orders:  

Get SALT Encoding   

  12  0:00  Probe  
  13  0:13  Probe  
  14  0:18  Pylon  
  14  0:25  Probe  
  15  0:36  Probe  
  15  0:38  Gateway  
  16  0:44  Probe  
  16  0:45  Assimilator  
  17  0:52  Probe  
  17  0:55  Assimilator  
  18  1:03  Probe  
  19  1:09  Gateway  
  19  1:15  Probe  
  20  1:25  Cybernetics Core  
  20  1:29  Probe  
  21  1:35  Pylon  
  21  1:41  Probe  
  22  1:48  Warp Gate  
  22  1:53  Probe  
  23  2:06  Stalker  
  23  2:07  Stalker  
  27  2:09  Probe  
  28  2:21  Probe  
  29  2:24  Robotics Facility  
  29  2:36  Stalker  
  31  2:48  Pylon  
  31  3:02  Immortal  
  31  3:05  Stalker  
  37  3:14  Probe  
  38  3:26  Probe  
  39  3:33  Nexus  
  39  3:34  Pylon  
  39  3:48  Probe  
  39  3:54  Immortal  
  43  4:00  Probe  
  44  4:03  Pylon  
  44  4:12  Probe  
  44  4:15  Stargate  
  45  4:22  Assimilator  
  45  4:24  Probe  
  45  4:27  Shield Battery  
  46  4:34  Observer  
  46  4:36  Probe, Protoss Air Weapons Level 1  
  48  4:46  Pylon  
  48  4:49  Probe  
  48  4:50  Probe  
  50  4:59  Oracle  
  50  5:03  Probe  
  50  5:05  Probe  
  52  5:13  Immortal  
  59  5:15  Probe  
  59  5:17  Probe  
  61  5:21  Assimilator  
  61  5:26  Shield Battery  
  61  5:27  Probe  
  62  5:30  Probe  
  62  5:34  Stalker  
  65  5:39  Probe, Pylon  
  66  5:49  Probe  
  67  5:51  Probe  
  67  5:54  Zealot  
  70  6:01  Void Ray  
  74  6:09  Fleet Beacon  
  74  6:12  Pylon  
  74  6:41  Zealot x2  
  74  6:44  Void Ray  
  74  6:45  Immortal  
  86  7:02  Protoss Air Weapons Level 2  
  86  7:24  Zealot x2  
  90  7:32  Pylon  
  90  7:35  Immortal  
  94  7:39  Carrier  
  94  7:41  Pylon  
  94  7:45  Pylon  
  94  7:50  Probe x2  
  102  7:52  Pylon  
  102  8:01  Zealot x2  
  102  8:03  Forge  
  102  8:04  Forge  
  105  8:10  Twilight Council, Graviton Catapult  
  105  8:12  Probe x2  
  107  8:20  Stargate  
  107  8:21  Protoss Ground Weapons Level 1  
  107  8:22  Pylon  
  107  8:23  Nexus  
  107  8:26  Protoss Shields Level 1, Pylon  
  107  8:27  Probe, Pylon  
  107  8:28  Probe  
  107  8:32  Stalker  
  111  8:36  Stalker  
  113  9:02  Charge  
  113  9:07  Carrier  
  113  9:11  Assimilator  
  113  9:16  Protoss Air Armor Level 1  
  119  9:23  Assimilator  
  119  9:24  Zealot  
  119  9:26  Zealot, Pylon  
  119  9:29  Pylon  
  123  9:53  Carrier  
  123  9:55  Zealot  
  123  9:56  Zealot  
  133  10:04  Gateway  
  133  10:06  Gateway  
  133  10:07  Pylon  
  134  10:14  Probe x2  
  134  10:16  Probe  
  136  10:26  Probe x2  
  138  10:30  Probe  
  139  10:36  Carrier  
  139  10:39  Photon Cannon  
  139  10:40  Photon Cannon  
  139  10:41  Shield Battery  
  139  10:43  Shield Battery  
  139  10:46  Pylon  
  145  11:09  Zealot x4  
  159  11:29  Probe x2  
  161  11:37  Probe  
  140  11:52  Zealot x2  
  140  11:53  Zealot x2  
Show
View Real Time Build Order
Export as new Build Order

Afforde Protoss - Winner!

Build Orders:  

Get SALT Encoding   

  12  0:01  Probe  
  13  0:13  Probe  
  14  0:18  Pylon  
  14  0:25  Probe  
  15  0:33  Probe  
  15  0:41  Probe  
  16  0:43  Gateway  
  16  0:48  Assimilator  
  17  0:51  Probe  
  18  0:57  Assimilator  
  18  1:00  Probe  
  19  1:08  Probe  
  19  1:15  Gateway  
  19  1:17  Probe  
  21  1:29  Probe  
  22  1:32  Cybernetics Core  
  22  1:42  Probe  
  23  1:59  Pylon  
  23  2:11  Warp Gate  
  23  2:17  Stalker x2, Probe  
  28  2:28  Pylon  
  28  2:42  Nexus  
  28  2:55  Adept  
  30  3:02  Probe, Pylon  
  31  3:20  Probe  
  31  3:21  Sentry  
  31  3:22  Shield Battery  
  31  3:24  Shield Battery  
  34  3:36  Probe  
  35  3:50  Probe  
  35  3:52  Probe  
  37  3:58  Probe  
  37  4:01  Robotics Facility  
  37  4:02  Twilight Council  
  38  4:04  Probe  
  39  4:10  Shield Battery  
  39  4:14  Gateway  
  39  4:16  Probe  
  40  4:18  Probe  
  41  4:28  Probe  
  41  4:30  Assimilator, Probe  
  43  4:33  Assimilator  
  43  4:37  Pylon  
  43  4:42  Probe x2  
  45  4:45  Charge  
  45  4:53  Immortal  
  48  5:07  Forge  
  48  5:10  Probe x2  
  48  5:13  Pylon  
  50  5:19  Stalker x2  
  50  5:20  Stalker, Protoss Ground Weapons Level 1  
  56  5:22  Probe  
  56  5:23  Probe  
  56  5:26  Observer  
  58  5:34  Probe  
  58  5:35  Probe  
  61  5:48  Observer  
  62  6:02  Nexus  
  62  6:05  Pylon  
  62  6:06  Probe x2  
  64  6:20  Blink  
  64  6:35  Immortal, Pylon  
  64  6:40  Photon Cannon  
  64  6:45  Probe  
  69  7:09  Templar Archives  
  69  7:10  Gateway  
  69  7:12  Gateway  
  69  7:13  Immortal, Gateway  
  72  7:16  Protoss Ground Weapons Level 2  
  72  7:19  Stalker  
  72  7:20  Stalker x2, Gateway  
  75  7:25  Gateway  
  75  7:26  Probe x3  
  78  7:38  Probe  
  79  7:48  Colossus  
  79  7:49  Probe  
  79  7:50  Probe  
  79  7:51  Probe  
  82  8:00  Gateway  
  82  8:01  Probe  
  83  8:07  High Templar x3  
  83  8:08  Immortal  
  89  8:13  Archon  
  93  8:25  High Templar  
  95  8:27  High Templar x2  
  95  8:30  Assimilator  
  95  8:32  Probe x2  
  95  8:33  Assimilator  
  101  8:41  Archon  
  101  8:42  Archon  
  101  9:01  Gateway  
  101  9:03  Gateway  
  101  9:05  Gateway  
  101  9:09  Gateway  
  101  9:12  Gateway  
  101  9:16  Pylon  
  101  9:17  Pylon  
  101  9:21  Pylon  
  101  9:22  Protoss Ground Armor Level 1, Pylon  
  101  9:24  Immortal, Gateway  
  101  9:25  Gateway  
  101  9:27  Gateway  
  101  9:34  Probe x3  
  108  9:46  Probe x3  
  108  9:52  Gateway  
  111  9:54  High Templar  
  111  9:55  High Templar x2  
  111  9:57  Pylon, High Templar x2  
  111  9:58  Probe x3  
  111  9:59  Pylon  
  124  10:02  Pylon  
  124  10:05  High Templar x3  
  130  10:07  Warp Prism, Archon  
  130  10:08  Archon  
  130  10:09  Archon x2  
  132  10:48  Colossus  
  132  10:58  Nexus, Stalker x2  
  132  10:59  Stalker x4, Pylon  
  132  11:00  Stalker x3  
  132  11:02  Pylon  
  150  11:13  High Templar x2  
  150  11:15  Zealot  
  150  11:17  Archon  
  156  11:20  Zealot x4  
  156  11:25  Sentry x3  
  170  11:53  Stalker x2  
  170  11:54  Stalker x7  
  124  12:09  Stalker  
  124  12:10  Stalker x4  
Tags
 
League
Diamond
Matchup
PvP
Spawn Locations
Cross Positions
Add a new tag
Caveats
  • Supply blocks, unpowered buildings, or Contaminate may cause inaccurate times.
  • Supply counts are checked every 10 seconds.